 Dungeon Crawl Stone Soup version 0.27.1 (webtiles) character file.

Game seed: 1076381443910162027

33524 pkoi the Fencer (level 13, -3/119 HPs)
             Began as a Minotaur Gladiator on Aug 23, 2021.
             Was a High Priest of the Shining One.
             Killed by divine providence
             ... invoked by an orc priest
              (11 damage)
             ... on level 11 of the Dungeon.
             The game lasted 00:22:32 (18896 turns).

pkoi the Fencer (Minotaur Gladiator)               Turns: 18896, Time: 00:22:33

Health: -3/119     AC: 16    Str: 29    XL:     13   Next: 37%
Magic:  19/19      EV: 11    Int:  5    God:    the Shining One [*****.]
Gold:   804        SH:  0    Dex: 11    Spells: 12/12 levels left

rFire    . . .     SeeInvis .   a - +0 great sword (venom)
rCold    + . .     Faith    .   (shield currently unavailable)
rNeg     + + .     Spirit   .   t - +3 chain mail {rC+}
rPois    +         Reflect  .   c - +1 hat
rElec    +         Harm     .   (no cloak)
rCorr    .         Rampage  .   (no gloves)
Will     +....                  (no boots)
Stlth    ..........             I - amulet "Ephemuuc" {RegenMP rElec Str+6 Slay+3 Stlth-}
HPRegen  0.29/turn              F - ring "Weshre" {rPois Will+}
MPRegen  0.41/turn              B - +4 ring of slaying

@: glowing
A: horns 2, retaliatory headbutt, weak 1
a: Renounce Religion, Divine Shield, Cleansing Flame, Summon Divine Warrior


You were on level 11 of the Dungeon.
You worshipped the Shining One.
The Shining One was extremely pleased with you.
You visited 4 branches of the dungeon, and saw 18 of its levels.
You also visited: Bailey and Gauntlet.

You collected 804 gold pieces.

Inventory:

Hand Weapons
 a - a +0 great sword of venom (weapon)
 b - a +0 shortbow
Missiles
 d - 6 throwing nets (quivered)
 k - 206 arrows
 O - 6 curare-tipped darts
Armour
 c - a +1 hat (worn)
 t - a +3 chain mail of cold resistance (worn)
Jewellery
 e - a ring of protection from cold
 f - a ring of resist corrosion
 B - a +4 ring of slaying (right hand)
 F - the ring "Weshre" (left hand) {rPois Will+}
   (You found it in a Gauntlet)

   [ring of willpower]

   rPois:     It protects you from poison.
   Will:      It increases your willpower.
 I - the amulet "Ephemuuc" (around neck) {RegenMP rElec Str+6 Slay+3 Stlth-}
   (You acquired it in a bailey)

   [amulet of magic regeneration]

   It increases your rate of magic regeneration.
   Str:       It affects your strength (+6).
   Slay:      It affects your accuracy & damage with ranged weapons and melee
   (+3).
   rElec:     It insulates you from electricity.
   Stlth:     It makes you less stealthy.
Wands
 u - a wand of iceblast (21)
 y - a wand of flame (25)
 L - a wand of polymorph (7)
 P - a wand of digging (5)
Scrolls
 g - 3 scrolls of holy word
 h - 4 scrolls of teleportation
 l - 4 scrolls of blinking
 o - 2 scrolls of summoning
 q - a scroll of silence
 r - 4 scrolls of identify
 v - 3 scrolls of fog
Potions
 i - a potion of resistance
 m - 10 potions of curing
 s - 5 potions of heal wounds
 A - 2 potions of might
 E - 5 potions of haste
 G - 4 potions of brilliance
 H - 2 potions of magic
 J - 3 potions of cancellation
 M - a potion of flight
 N - a potion of berserk rage


   Skills:
 + Level 12.4 Fighting
 + Level 16.5 Long Blades
 + Level 7.8 Bows
 - Level 2.0 Throwing
 + Level 12.1 Armour
 - Level 5.0 Dodging
 + Level 10.2 Invocations
 - Level 4.6 Evocations


You had 12 spell levels left.
You didn't know any spells.
Your spell library contained the following spells:

 Spells                   Type           Power      Damage    Failure   Level
 Shock                    Conj/Air       0%         1d3       89%         1
 Slow                     Hex            0%         N/A       96%         2
 Call Canine Familiar     Summ           0%         N/A       99%         3
 Confusing Touch          Hex            0%         N/A       99%         3
 Dazzling Flash           Conj/Hex       0%         N/A       99%         3
 Gell's Gravitas          Tloc           0%         N/A       99%         3
 Lesser Beckoning         Tloc           0%         N/A       99%         3
 Portal Projectile        Hex/Tloc       0%         N/A       99%         3
 Swiftness                Air            0%         N/A       99%         3
 Airstrike                Air            0%         N/A       100%        4
 Cause Fear               Hex            0%         N/A       100%        4
 Iskenderun's Mystic Bla  Conj/Tloc      0%         2d3       100%        4
 Leda's Liquefaction      Hex/Erth       0%         N/A       100%        4
 Olgreb's Toxic Radiance  Pois           0%         N/A       100%        4
 Passage of Golubria      Tloc           N/A        N/A       100%        4
 Agony                    Necr           0%         N/A       100%        5
 Silence                  Hex/Air        0%         N/A       100%        5
 Yara's Violent Unravell  Hex/Tmut       0%         3d3       100%        5
 Starburst                Conj/Fire      0%         6d3       100%        6
 Ozocubu's Refrigeration  Ice            0%         4d5       100%        7
 Ignition                 Fire           0%         3d3       100%        8


Dungeon Overview and Level Annotations

Branches:
Dungeon (13/15)            Temple (1/1) D:7            Lair (3/6) D:11
 Shoals (0/4) Lair:2          Orc (1/2) D:11         Bailey (visited)
Gauntlet (visited)
  Snake: Lair:2-4    Spider: Lair:2-4    Vaults: D:13-14

Altars:
Ashenzari
Cheibriados
Dithmenos
Elyvilon
Fedhas
Gozag
Hepliaklqana
Kikubaaqudgha
Makhleb
Nemelex Xobeh
Okawaru
Qazlal
Ru
Sif Muna
Trog
Uskayaw
Vehumet
Wu Jian
Xom
Yredelemnul
Zin
The Shining One

Shops:
D:2 ?   Orc:1 :

Annotations:
D:9 3 runed translucent doors, robertstho's ghost, novice DjFE
D:10 1 runed translucent door, Papr's ghost, novice TrBe
D:11 Jorgrun
Lair:3 Gastronok; Rupert


Innate Abilities, Weirdness & Mutations

You have a pair of horns on your head.
You reflexively headbutt those who attack you in melee.
You are weak. (Str -2)


Message History

Welcome back to the Dungeon!
There is a staircase to the Orcish Mines, spattered with blood here.
Unknown command.
Unknown command.
You slash Jorgrun!
Jorgrun looks as sick as possible!
You headbutt Jorgrun!
Jorgrun is lightly wounded.
The orc warrior hits you with a +0 glaive!
The orc priest hits you but does no damage.
Unknown command.
You barely miss Jorgrun.
Jorgrun is moderately wounded.
Jorgrun hits you but does no damage.
The orc warrior hits you but does no damage.
Unknown command.
You barely miss Jorgrun. You headbutt Jorgrun!
Jorgrun is moderately wounded.
The orc priest looks braver for a moment.
Jorgrun hits you with a +0 vorpal quarterstaff.
The orc warrior hits you with a +0 glaive!
Unknown command.
You slice Jorgrun!!
Jorgrun looks as sick as possible!
You headbutt Jorgrun.
Jorgrun is heavily wounded.
The orc priest invokes the aid of Beogh against you.
You easily resist.
Jorgrun hits you but does no damage.
The orc warrior hits you with a +0 glaive.
Unknown command.
The orc priest mumbles some strange prayers to Beogh against you.
You easily resist.
Jorgrun casts a spell at you. The iron shot misses you.
The orc warrior misses you.
The orc priest invokes the aid of Beogh against you.
Beogh smites you! The orc warrior barely misses you.
Jorgrun points at you and mumbles some strange words.
The iron shot hits you!!!
* * * LOW HITPOINT WARNING * * *
There is an open door, spattered with blood here.
Items here: ))))).
The orc priest invokes the aid of Beogh against you.
Beogh smites you!
You die...

###..........####
................#
......>...#####.##
###.......# #..#
..#......#######.#
..#......#8...8#.#
..'......#...o.#.#
..#......#.[og.))#
..#......#....)#@#
+##......#8...8#[#
.........#######)#
..........# #..#
..........# ##.##
..........####..#
...............##
...........#####
...........#


You could see Jorgrun (extremely poisoned), an orc warrior and an orc priest.

Vanquished Creatures
  A minotaur (Gauntlet)
  Snorg (D:11)
  Fannar (Lair:3)
  5 two-headed ogres
  7 death yaks
  A tengu warrior (D:12)
  Nergalle (D:11)
  Sonja (Lair:2)
  A fire crab (Gauntlet)
  An orc knight (D:11)
  A deep elf pyromancer (D:12)
  Pikel (D:9)
  2 manticores (D:11)
  An oklob plant (Gauntlet)
  A shining eye (Gauntlet)
  A merfolk siren (Lair:2)
  Joseph (D:7)
  5 cane toads
  Maggie (D:9)
  An unseen horror (D:11)
  4 komodo dragons
  A tengu conjurer (D:12)
  A merfolk (Lair:2)
  5 trolls
  A polar bear (Lair:2)
  14 blink frogs
  A wyvern (D:11)
  5 wraiths
  12 yaks
  Eustachio (D:6)
  A basilisk (D:11)
  3 fire bats (Gauntlet)
  7 vampire mosquitoes
  2 hell hounds (Gauntlet)
  A floating eye (Gauntlet)
  2 acid dragons (Gauntlet)
  5 water moccasins
  7 orc warriors
  2 necrophages
  4 ogres
  2 phantoms
  4 centaurs
  3 lemures (D:9)
  4 kobold brigands
  7 bullfrogs
  4 gnoll sergeants
  2 scorpions
  A wyvern skeleton (D:7)
  6 killer bees
  3 wights (D:8)
  6 electric eels
  6 howler monkeys
  4 hounds
  A bullfrog zombie (D:7)
  3 centaur zombies
  A centaur skeleton (D:6)
  5 orc priests
  A bullfrog skeleton (D:4)
  Jessica (D:2)
  Natasha (D:3)
  5 iguanas
  19 orc wizards
  2 hound skeletons (D:5)
  25 gnolls
  9 adders
  A howler monkey skeleton (D:6)
  A white imp (D:7)
  An adder skeleton (D:5)
  2 worms
  2 dart slugs (D:2)
  48 orcs
  4 ball pythons
  9 endoplasms
  5 giant cockroaches
  8 goblins
  22 hobgoblins
  13 jackals
  A quokka (D:1)
  7 bats
  2 frilled lizards
  46 kobolds
  5 rats
416 creatures vanquished.

Vanquished Creatures (collateral kills)
  A kobold brigand (D:6)
  An iguana (D:6)
  An orc (D:6)
  A kobold (D:6)
4 creatures vanquished.

Vanquished Creatures (others)
  4 fungi
  22 plants
  2 withered plants (D:10)
28 creatures vanquished.

Grand Total: 448 creatures vanquished

Notes
Turn   | Place    | Note
-------+----------+-------------------------------------------
     0 | D:1      | pkoi the Minotaur Gladiator began the quest for the Orb.
     0 | D:1      | Reached XP level 1. HP: 18/18 MP: 0/0
    39 | D:1      | Reached skill level 4 in Long Blades
   162 | D:1      | Reached XP level 2. HP: 23/25 MP: 1/1
   406 | D:1      | Reached skill level 5 in Long Blades
   443 | D:1      | Reached XP level 3. HP: 30/30 MP: 2/2
   513 | D:1      | Found a faded altar of an unknown god.
  1087 | D:2      | Noticed Jessica
  1092 | D:2      | Killed Jessica
  1093 | D:2      | Reached skill level 6 in Long Blades
  1093 | D:2      | Reached XP level 4. HP: 35/37 MP: 3/3
  1396 | D:2      | Found Ysijel's Magic Scroll Shoppe.
  1706 | D:3      | Found a burning altar of Makhleb.
  2039 | D:3      | Reached XP level 5. HP: 42/42 MP: 4/4
  2055 | D:3      | Reached skill level 7 in Long Blades
  2317 | D:3      | Noticed Natasha
  2322 | D:3      | Killed Natasha
  2513 | D:3      | Reached skill level 1 in Armour
  2832 | D:4      | Found a stormy altar of Qazlal.
  2846 | D:4      | Reached XP level 6. HP: 46/51 MP: 5/5
  3062 | D:4      | Identified a scroll of acquirement
  3062 | D:4      | Acquired a manual of Long Blades
  3411 | D:4      | Found a glowing golden altar of the Shining One.
  3417 | D:4      | Became a worshipper of the Shining One
  3460 | D:4      | Noticed a water moccasin
  3468 | D:4      | Killed a water moccasin
  3469 | D:4      | Reached skill level 8 in Long Blades
  3469 | D:4      | Reached XP level 7. HP: 34/59 MP: 6/6
  3853 | D:4      | Reached skill level 1 in Invocations
  4226 | D:5      | Entered Level 5 of the Dungeon
  4747 | D:5      | Reached skill level 5 in Dodging
  4866 | D:5      | Reached skill level 9 in Long Blades
  5421 | D:5      | Reached XP level 8. HP: 56/67 MP: 8/8
  5549 | D:5      | Reached skill level 5 in Fighting
  6055 | D:6      | Noticed Eustachio
  6073 | D:6      | Killed Eustachio
  6074 | D:6      | Reached skill level 5 in Armour
  6159 | D:6      | Reached * piety under the Shining One
  6165 | D:6      | Reached skill level 10 in Long Blades
  6699 | D:7      | Noticed Joseph
  6710 | D:7      | Killed Joseph
  6711 | D:7      | Reached skill level 11 in Long Blades
  6711 | D:7      | Reached XP level 9. HP: 26/78 MP: 11/11
  7230 | D:7      | Found a sacrificial altar of Ru.
  7262 | D:7      | Found a basalt altar of Yredelemnul.
  7309 | D:7      | Reached skill level 1 in Evocations
  7349 | D:7      | Found a staircase to the Ecumenical Temple.
  7430 | D:7      | Found a shadowy altar of Dithmenos.
  7520 | D:7      | Found a snail-covered altar of Cheibriados.
  7521 | D:7      | Found a shimmering blue altar of Sif Muna.
  7611 | Temple   | Entered the Ecumenical Temple
  7848 | D:8      | Reached ** piety under the Shining One
  7853 | D:8      | Reached skill level 5 in Invocations
  8159 | D:8      | Found an iron altar of Okawaru.
  8654 | D:8      | Found a hide-covered altar of Uskayaw.
  9209 | D:9      | Noticed a troll
  9219 | D:9      | Killed a troll
  9220 | D:9      | Reached skill level 12 in Long Blades
  9347 | D:9      | Noticed Pikel
  9446 | D:9      | Reached XP level 10. HP: 71/88 MP: 13/13
  9524 | D:9      | Noticed Maggie
  9532 | D:9      | Killed Maggie
  9546 | D:9      | Found a white marble altar of Elyvilon.
  9705 | D:9      | Killed Pikel
 10205 | D:9      | Found a runed translucent gate.
 10205 | D:9      | Found a runed translucent gate.
 10205 | D:9      | Found a runed translucent gate.
 10206 | D:9      | Noticed robertstho's ghost (novice DjFE)
 10519 | D:10     | Entered Level 10 of the Dungeon
 10587 | D:10     | Found a blossoming altar of Fedhas.
 10856 | D:10     | Found a flagged portal.
 10884 | Bailey   | Entered a bailey
 11070 | Bailey   | Reached skill level 13 in Long Blades
 11461 | Bailey   | Acquired the amulet "Ephemuuc" {RegenMP rElec Str+6 Slay+3
                  | Stlth-}
 11843 | D:10     | Reached *** piety under the Shining One
 11931 | D:10     | Found a bloodstained altar of Trog.
 12124 | D:10     | Found a runed translucent door.
 12124 | D:10     | Noticed Papr's ghost (novice TrBe)
 12230 | D:11     | Noticed a two-headed ogre
 12238 | D:11     | Killed a two-headed ogre
 12347 | D:11     | Noticed a death yak
 12347 | D:11     | Noticed a death yak
 12348 | D:11     | Noticed a death yak
 12350 | D:11     | Noticed a death yak
 12377 | D:10     | Killed a death yak
 12378 | D:10     | Reached skill level 1 in Bows
 12378 | D:10     | Reached XP level 11. HP: 65/97 MP: 15/15
 12503 | D:11     | Killed a death yak
 12527 | D:11     | Found a staircase to the Lair.
 12589 | D:11     | Reached skill level 14 in Long Blades
 12847 | D:11     | Noticed a two-headed ogre
 12855 | D:11     | Killed a two-headed ogre
 12896 | D:11     | Reached skill level 10 in Fighting
 12955 | D:11     | Found a staircase to the Orcish Mines.
 13240 | D:11     | Noticed Snorg
 13248 | D:11     | Killed Snorg
 13350 | D:11     | Noticed Nergalle
 13359 | D:11     | Killed Nergalle
 13360 | D:11     | Reached skill level 10 in Armour
 13633 | D:11     | Noticed a death yak
 13633 | D:11     | Noticed a death yak
 13633 | D:11     | Noticed a death yak
 13670 | D:11     | Killed a death yak
 13673 | D:11     | Killed a death yak
 13674 | D:11     | Reached skill level 15 in Long Blades
 13678 | D:11     | Killed a death yak
 13680 | D:11     | Killed a death yak
 13681 | D:11     | Reached XP level 12. HP: 85/108 MP: 17/17
 13683 | D:11     | Killed a death yak
 13684 | D:11     | Reached skill level 5 in Bows
 13800 | D:11     | Noticed a two-headed ogre
 13810 | D:11     | Killed a two-headed ogre
 13922 | D:12     | Noticed a two-headed ogre
 13926 | D:12     | Killed a two-headed ogre
 14072 | D:12     | Reached **** piety under the Shining One
 14231 | D:12     | Got Sif Muna's Compendium of Enthralling Displacement
 14465 | D:13     | Noticed a two-headed ogre
 14467 | D:13     | Noticed a tengu warrior
 14476 | D:13     | Killed a two-headed ogre
 14485 | D:12     | Killed a tengu warrior
 14974 | Lair:1   | Entered Level 1 of the Lair of Beasts
 15050 | Lair:1   | Found a gate leading to a gauntlet.
 15069 | Gauntlet | Entered a Gauntlet
 15069 | Gauntlet | Found a transporter.
 15069 | Gauntlet | Found a transporter.
 15069 | Gauntlet | Found a transporter.
 15082 | Gauntlet | Found a transporter.
 15090 | Gauntlet | Found a transporter.
 15093 | Gauntlet | Found a transporter.
 15101 | Gauntlet | Found a transporter.
 15119 | Gauntlet | Found a transporter.
 15136 | Gauntlet | Found a transporter.
 15139 | Gauntlet | Found a transporter.
 15149 | Gauntlet | Found a transporter.
 15186 | Gauntlet | Found a transporter.
 15264 | Gauntlet | Gained mutation: You are weak. (Str -2) [a shining eye]
 15282 | Gauntlet | Reached skill level 16 in Long Blades
 15553 | Gauntlet | Identified the ring "Weshre" {rPois Will+}
 15596 | Gauntlet | Noticed a minotaur
 15603 | Gauntlet | Killed a minotaur
 16468 | Lair:2   | Found a staircase to the Shoals.
 16505 | Lair:2   | Reached XP level 13. HP: 85/117 MP: 19/19
 16954 | Lair:2   | Noticed Sonja
 16962 | Lair:2   | Killed Sonja
 17127 | Lair:2   | Identified the +0 helmet of Leler {Int+3}
 17138 | Lair:2   | Reached ***** piety under the Shining One
 17150 | Lair:2   | Reached skill level 10 in Invocations
 17873 | Lair:3   | Noticed Fannar
 17886 | Lair:3   | Killed Fannar
 17967 | Lair:3   | Noticed Gastronok
 17967 | Lair:3   | Noticed Rupert
 17967 | Lair:3   | Paralysed by Rupert for 2 turns
 17990 | Lair:3   | Paralysed by Rupert for 5 turns
 18009 | Lair:3   | HP: 5/119 [Rupert (20)]
 18506 | Orc:1    | Entered Level 1 of the Orcish Mines
 18506 | Orc:1    | Found Pelacvic's Book Emporium.
 18529 | Orc:1    | Noticed Jorgrun
 18896 | D:11     | Killed from afar by an orc priest

Illustrated notes

Levels and vault maps discovered:
D:1:      wheals_arrival_shading, layout_basic, ebering_ecumenical_altar_mist
D:2:      layout_loops_cross, serial_shops, shop_scrolls, uniq_jessica
D:3:      layout_basic, bloody_makhleb, minmay_misc_feat_chi, uniq_natasha
D:4:      layout_basic, lemuel_crystal_altar, nicolae_tso_swordbearing_angel
D:5:      layout_loops_ring
D:6:      layout_rooms, minmay_misc_feat_hallway, nicolae_lava_and_water,
          uniq_eustachio
D:7:      layout_rooms, yredelemnul_altar_generic,
          mainiacjoe_overflow_surrounded_room, nicolae_ru_the_path_less_chosen,
          gammafunk_temple_overflow_wave, minmay_temple_entry_butterflies,
          uniq_joseph
D:8:      layout_basic, lemuel_round_altar, lemuel_coloured_pillars_altar
D:9:      kennysheep_kobold_camp, layout_rooms, amcnicky_altar_gilded,
          serial_aquarium, aquarium_bridge_square [aquarium_subvault_window,
          aquarium_subvault_bridge, aquarium_subvault_wall,
          aquarium_subvault_wall], aquarium_bridge_square
          [aquarium_subvault_bridge, aquarium_subvault_wall,
          aquarium_subvault_window, aquarium_subvault_balcony],
          aquarium_window_1, aquarium_window_corridor_1, aquarium_window_fake,
          aquarium_window_double, aquarium_view_2b, aquarium_balcony_3b,
          gammafunk_ghost_nasty_kobolds, uniq_pikel, uniq_maggie
D:10:     layout_roguey, trog_hazing_becter, lemuel_tele_altar, enter_bailey_5,
          gammafunk_ghost_grave, nrook_campfire
D:11:     layout_irregular_city, dpeg_lair_monsters,
          kennysheep_orc_monster_closet_entryway, uniq_nergalle, uniq_snorg
D:12:     layout_basic
D:13:     layout_layer_cave, gammafunk_ghost_fury_of_okawaru,
          hangedman_corner_corridor, uniq_frances
Temple:   nicolae_temple_figure_zero
Lair:1:   layout_regular_city, gauntlet_entry_generic
Lair:2:   layout_chaotic_city, elwin_shoals_entry_rooms, serial_bayou_lake_a,
          uniq_sonja
Lair:3:   layout_hall_layers, guppyfry_snake_entry_island, uniq_gastronok,
          uniq_fannar, uniq_rupert
Orc:1:    layout_caves, serial_shops, shop, uniq_jorgrun

Skill      XL: |  1  2  3  4  5  6  7  8  9 10 11 12 13 |
---------------+----------------------------------------+-----
Long Blades    | 4 5 6 7 8 9 11 12 13 15 16 | 16.5
Armour         | 1 3 4 6 7 9 10 11 12 | 12.1
Fighting       | 3 4 6 8 9 10 11 12 | 12.4
Dodging        | 4 5 |  5.0
Invocations    | 2 4 5 7 8 9 10 | 10.2
Evocations     | 3 4 |  4.6
Bows           | 1 4 7 |  7.8
Throwing       | |  2.0

Action                   |  1- 3 |  4- 6 |  7- 9 | 10-12 | 13-15 || total
-------------------------+-------+-------+-------+-------+-------++-------
Melee: Long sword        |    48 |    97 |    89 |       |       ||   234
       Headbutt          |     6 |    17 |    52 |    78 |    24 ||   177
       Great sword       |       |       |   167 |   289 |    79 ||   535
 Fire: Shortbow          |       |       |       |    40 |    36 ||    76
Throw: Dart              |       |       |     5 |       |       ||     5
  Use: Scroll            |     3 |     9 |     7 |     7 |     3 ||    29
       Potion            |       |     3 |     4 |       |       ||     7
Armor: Leather armour    |     9 |    14 |     8 |       |       ||    31
       Chain mail        |       |       |   155 |   158 |    36 ||   349
Dodge: Dodged            |    53 |    58 |   142 |   297 |    42 ||   592
       Rpst.: Long sword |    13 |    15 |     9 |       |       ||    37
       Great sword       |       |       |    23 |    55 |     7 ||    85
